 Dungeon Crawl Stone Soup version 0.28-a0-1524-ge72afd5fc6 (webtiles) character file.

Game seed: 1733258897061731626

33 Pin the Covered (level 3, -1/29 HPs)
             Began as a Formicid Abyssal Knight on Jan 17, 2022.
             Was a Follower of Lugonu.
             Slain by Terence (8 damage)
             ... on level 2 of the Dungeon.
             The game lasted 00:01:43 (1458 turns).

Pin the Covered (Formicid Abyssal Knight)           Turns: 1458, Time: 00:01:43

Health: -1/29      AC:  3    Str: 19    XL:     3   Next: 47%
Magic:  4/4        EV: 11    Int:  9    God:    Lugonu [*.....]
Gold:   44         SH:  0    Dex: 11    Spells: 2/2 levels left

rFire   . . .      SeeInvis +   a - +1 hand axe
rCold   . . .      Faith    .   (no shield)
rNeg    . . .      Spirit   .   b - +0 leather armour
rPois   .          Reflect  .   (helmet unavailable)
rElec   .          Harm     .   (no cloak)
rCorr   .          Rampage  .   (no gloves)
Will    .....                   (no boots)
Stlth   +.........              (no amulet)
HPRegen 0.09/turn               (no ring)
MPRegen 0.09/turn               (no ring)

@: no status effects
A: permanent stasis, dig shafts and tunnels, antennae 3, four strong arms
a: Dig, Shaft Self, Renounce Religion, Depart the Abyss


You were on level 2 of the Dungeon.
You worshipped Lugonu.
Lugonu was aware of your devotion.
You visited 1 branch of the dungeon, and saw 2 of its levels.
You visited the Abyss 1 time.

You collected 44 gold pieces.

Inventory:

Hand Weapons
 a - a +1 hand axe (weapon)
Armour
 b - a +0 leather armour (worn)
Scrolls
 c - a scroll of identify {unknown}
 d - a scroll of noise {unknown}
 f - a scroll of immolation {unknown}
Potions
 e - a potion of heal wounds {unknown}


   Skills:
 - Level 3.2 Fighting
 - Level 2.0 Axes
 + Level 4.0 Armour
 - Level 0.8 Dodging
 - Level 2.1 Invocations


You had 2 spell levels left.
You didn't know any spells.
Your spell library was empty.

Dungeon Overview and Level Annotations

Branches:
Dungeon (2/15)

Altars:

Annotations:
D:2 Terence


Innate Abilities, Weirdness & Mutations

You cannot be hasted, slowed, berserked, paralysed or teleported.
You can dig through walls and to a lower floor.
You have a pair of large antennae on your head. (SInv)
Your four strong arms can wield two-handed weapons with a shield.


Message History

The endoplasm freezes you.
You are frozen.
The ball python bites you but does no damage.
The ball python constricts you.
You hit the ball python.
You kill the ball python!
Lugonu accepts your kill.
You hit the endoplasm.
You kill the endoplasm!
Lugonu accepts your kill.
Your Armour skill increases to level 4!
Found 20 bolts.
The kobold throws a stone.
The stone hits you but does no damage.
Terence the Incautious comes into view.
He is wielding a +0 short sword.
Terence shouts!
The kobold closely misses you.
Terence drinks a potion.
Terence seems to speed up.
A hound comes into view.
The hound barks!
You hit the kobold but do no damage.
The kobold hits you with a +0 short sword. x2
You hit the kobold.
You kill the kobold!
Lugonu accepts your kill.
A worm comes into view.
Terence hits you with a +0 short sword.
Things that are here:
a +0 short sword; 5 stones; a kobold corpse You slash Terence!
Terence is moderately wounded.
You closely miss the hound. Terence hits you with a +0 short sword.
The hound misses you. Terence barely misses you.
You hit Terence.
Terence is heavily wounded.
You closely miss the hound. The hound bites you.
* * * LOW HITPOINT WARNING * * *
Terence barely misses you. The hound bites you.
* * * LOW HITPOINT WARNING * * *
Terence hits you with a +0 short sword!
You die...

#.#.. #.#.. .....
#.w. #...# ########
#.... ......
###...h###..# #
......@@....###..#.
...................
..........<.###..#
###....###..# #.(..
......
#...######### #...
#...


You could see Terence (fast), a worm and a hound.

Vanquished Creatures
  4 ball pythons
  A bat (D:1)
  2 endoplasms
  A giant cockroach (D:1)
  2 goblins (D:1)
  6 hobgoblins (D:1)
  3 jackals (D:1)
  2 kobolds
  2 quokkas (D:1)
  A frilled lizard (D:1)
  4 rats (D:1)
28 creatures vanquished.

Notes
Turn   | Place    | Note
-------+----------+-------------------------------------------
     0 | Abyss:1  | Pin the Formicid Abyssal Knight began the quest for the
                  | Orb.
     0 | Abyss:1  | Reached XP level 1. HP: 18/18 MP: 2/2
    60 | Abyss:1  | Noticed a wretched star
    61 | D:1      | Escaped the Abyss
   592 | D:1      | Reached XP level 2. HP: 24/24 MP: 3/3
   606 | D:1      | Reached skill level 3 in Armour
   832 | D:1      | Reached * piety under Lugonu
   991 | D:1      | Reached XP level 3. HP: 27/29 MP: 4/4
  1300 | D:1      | Found a faded altar of an unknown god.
  1451 | D:2      | Reached skill level 4 in Armour
  1452 | D:2      | Noticed Terence
  1458 | D:2      | Slain by Terence

Illustrated notes

Levels and vault maps discovered:
D:1:      dpeg_arrival_ternary, layout_basic,
          shapermc_ecumenical_altar_mp_vishouse
D:2:      layout_loops_cross, serial_shops, nicolae_square_shop, uniq_terence

Skill      XL: |  1  2  3 |
---------------+----------+-----
Armour         | 3 4 |  4.0
Fighting       | |  3.2
Axes           | |  2.0
Dodging        | |  0.8
Invocations    | |  2.1

Action                   || total
-------------------------++-------
Melee: Hand axe          ||    73
Invok: Depart the Abyss  ||     1
 Stab: Sleeping          ||     1
Armor: Leather armour    ||    13
Dodge: Dodged            ||    44

Table legend: (Time is in decaauts)
 A = Elapsed time spent in this place.
 B = Non-inter-level travel time spent in this place.
 C = Inter-level travel time spent in this place.
 D = Time resting spent in this place.
 E = Time spent auto-exploring this place.
 F = Levels seen in this place.
 G = Mean time per level.
                   A        B        C        D        E       F      G
               +--------+--------+--------+--------+--------+-----+--------+
         Total |   1472 |   1467 |      5 |    610 |    678 |   3 |  490.7 |
       Dungeon |   1411 |   1406 |      5 |    610 |    619 |   2 |  705.5 |
         Abyss |     61 |     61 |      0 |      0 |     59 |   1 |   61.0 |
               +--------+--------+--------+--------+--------+-----+--------+

Top non-repeatable levels by time:
     D:1: 1398 daAuts
 Abyss:1: 61 daAuts
     D:2: 13 daAuts
